woodfighter, neutral female human Wizard -------- ------ |<|>...---./..| |^|-......``..| |^||.```|.`.`.| |^||....|.....| |^|------.----| |^| |.d..(.| |.------%@....| |.............| |..-----......| ---- -------- woodfighter the Thaumaturge Experience level: 7 Strength: 9 Dexterity: 14 Constitution: 13 Intelligence: 17 Wisdom: 15 Charisma: 8 Health: 0(44) Energy: 54(74) Def: 4 Gold: 582 Moves: 4275 Dungeon seed: KWifAiPHARbm46jh Game ID: woodfighter_1454876361 Your Inventory: Coins $ - 582 gold pieces Amulets L - an uncursed amulet versus poison (being worn) Weapons a - a blessed +1 quarterstaff (weapon in hands) Armor e - an uncursed +0 cloak of magic resistance (being worn) n - an uncursed +0 studded leather armor (being worn) Comestibles c - 3 uncursed food rations g - an uncursed tripe ration r - an uncursed sprig of wolfsbane v - an uncursed partly eaten food ration z - an uncursed cram ration O - an uncursed fortune cookie Scrolls h - 2 uncursed scrolls of earth i - a cursed scroll of confuse monster j - an uncursed scroll of blank paper m - an uncursed scroll of destroy armor p - a blessed scroll of blank paper C - an uncursed scroll of fire I - an uncursed scroll of stinking cloud K - 4 uncursed scrolls of identify M - a blessed scroll of identify P - an uncursed scroll of magic mapping Spellbooks R - an uncursed spellbook of jumping Potions b - an uncursed potion of sleeping f - a blessed potion of booze o - an uncursed potion of sickness s - 2 uncursed potions of water A - an uncursed potion of speed D - an uncursed potion of gain ability U - an uncursed potion of monster detection W - an uncursed potion of confusion Rings k - an uncursed ring of protection from shape changers T - an uncursed ring of protection from shape changers Y - a cursed ring of slow digestion Wands d - a wand of nothing (0:4) G - a wand of teleportation (0:5) V - a blessed wand of speed monster (0:6) Tools S - a magic marker (0:61) Gems q - an uncursed touchstone Spells and supernatural/magical abilities: Name Level Category Fail Memory a - force bolt 1 attack 0% 79% h - healing 1 healing 0% 85% l - light 1 divination 0% 85% r - remove curse 3 clerical 85% 79% W - pray for help -- divine ? -- Your skills at the end: Miscellaneous Skills wands [Basic] Weapon Skills quarterstaff [Basic] Spellcasting Skills attack spells [Basic] enchantment spells [Basic] Final Attributes: You were devoutly aligned. You were poison resistant. You were magic-protected. You were telepathic. You are dead. Vanquished creatures: a large mimic a small mimic 2 giant beetles a mumak a giant spider 2 gnome kings 2 apes an imp 3 Uruk-hai 2 orc shamans a rock piercer 2 shriekers 3 gnome lords a gnomish wizard a gray ooze 7 elf zombies 5 giant ants a little dog 2 floating eyes 3 iguanas a rabid rat 2 giant bats 4 coyotes 2 large kobolds a gecko 3 giant rats 2 garter snakes 2 manes 2 foxes 2 kobolds 2 newts 4 goblins a sewer rat 7 grid bugs 3 bats 6 lichens a kobold zombie 87 creatures vanquished. Voluntary challenges: You used a wielded weapon 33 times, starting on turn 59. You did not apply a unicorn horn. You read items or engraved 7 times, starting on turn 1242. You never genocided any monsters. You never polymorphed an object. You never changed form. You used no wishes. You never split a pudding. You never wrote Elbereth's name. You violated your moral code, losing 1 point of alignment, starting on turn 2917. Dungeon overview: The Dungeons of Doom: levels 1 to 8 Level 1 a fountain, a sink a long staircase Level 2 a fountain stairs to The Gnomish Mines Level 3 a bookstore, a fountain Level 4 an altar to Thoth Level 5 a scroll shop Level 6 a general store, a fountain, a sink Level 7 many fountains Level 8 stairs to Sokoban The Gnomish Mines: Level 3 stairs to The Dungeons of Doom Sokoban: Level 7 <- You were here a magic chest stairs to The Dungeons of Doom History has recorded: On T:1 you entered the Dungeons of Doom to retrieve the Amulet of Yendor! On T:148 you reached level 2 of The Dungeons of Doom. On T:323 you reached level 1 of The Gnomish Mines. On T:324 you advanced to experience level 2. On T:354 you reached level 3 of The Dungeons of Doom. On T:533 you advanced to experience level 3. On T:798 you reached level 4 of The Dungeons of Doom. On T:1252 you reached level 5 of The Dungeons of Doom. On T:1699 you advanced to experience level 4. On T:1819 you reached level 6 of The Dungeons of Doom. On T:2094 you advanced to experience level 5. On T:2158 you reached level 7 of The Dungeons of Doom. On T:2919 you advanced to experience level 6. On T:3021 you reached level 8 of The Dungeons of Doom. On T:3664 you advanced to experience level 7. On T:4091 you reached level 4 of Sokoban. Score breakdown: Gold: 582 ( 58 points) Experience: 7 levels ( 600 points) Exploration: 8 levels ( 210 points) Discoveries: 6 items ( 300 points) Variety of kills: 37 monsters ( 1850 points) Major goal: (nothing yet) ( 0 points) Survival: died (score multiplied by 3) Total score: 9054 Latest messages: The magic missile hits you! The missiles bounce off! You have a little trouble lifting s - an uncursed clear potion. You have a little trouble lifting D - an uncursed emerald potion. You have a little trouble lifting G - an uncursed maple wand. Your movements are slowed slightly because of your load. The spell hits the werewolf! The werewolf bites! You die... Final status: Goodbye woodfighter the Wizard, killed by a werewolf... You died in Sokoban on dungeon level 7 with 9054 points, and 582 pieces of gold, after 4275 moves. You were level 7 with a maximum of 44 hit points when you died.